 Dungeon Crawl Stone Soup version 0.31.0-1-g2c135a0 (webtiles) character file.

Game seed: 16418201816693039253

243 mezmerelda the Trooper (level 6, 0/57 HPs)
             Began as a Hill Orc Fighter on Jan 25, 2024.
             Slain by a goblin
             ... wielding a +0 club
             ... led by Robin
              (6 damage)
             ... on level 4 of the Dungeon.
             The game lasted 00:05:46 (1132 turns).

mezmerelda the Trooper (Hill Orc Fighter)           Turns: 1132, Time: 00:05:47

Health: 0/57       AC:  6    Str: 21    XL:     6   Next: 9%
Magic:  6/6        EV:  9    Int:  8    God:
Gold:   142        SH:  4    Dex: 10    Spells: 5/5 levels left

rFire   . . .        a - +0 war axe
rCold   . . .        c - +0 buckler
rNeg    + . .        b - +0 scale mail
rPois   .            (no helmet)
rElec   .            (no cloak)
rCorr   .            (no gloves)
SInv    .            (no boots)
Will    .....        (no amulet) Stlth
                     j - ring of positive energy
HPRegen 0.29/turn    (no ring)
MPRegen 0.10/turn

%: no passive effects
@: no status effects
A: no striking features
a: no special abilities


You were on level 4 of the Dungeon.
You visited 1 branch of the dungeon, and saw 5 of its levels.

You collected 142 gold pieces.

Inventory:

Hand Weapons
 a - a +0 war axe (weapon)
Armour
 b - a +0 scale mail (worn)
 c - a +0 buckler (worn)
Jewellery
 j - a ring of positive energy (left hand)
Scrolls
 e - a scroll of enchant weapon {unknown}
 h - 2 scrolls of identify {unknown}
 i - a scroll of brand weapon {unknown}
 l - a scroll of immolation {unknown}
 n - a scroll of vulnerability {unknown}
 o - a scroll of blinking {unknown}
Potions
 d - a potion of might
 f - a potion of lignification {unknown}
 g - 2 potions of enlightenment {unknown}
 k - a potion of ambrosia {unknown}
 m - a potion of resistance {unknown}


   Skills:
 + Level 6.2 Fighting
 + Level 6.0 Axes
 - Level 3.2 Armour
 - Level 3.2 Shields


You had 5 spell levels left.
You didn't know any spells.
Your spell library was empty.

Dungeon Overview and Level Annotations

Branches:
Dungeon (5/15)
 Temple: D:4-7

Altars:
Nemelex Xobeh
Xom

Annotations:
D:3 1 transporter, Zagger's ghost, amateur GrFi
D:4 Robin


Message History

A +5 spectral club comes into view.
You hit Robin but do no damage.
Robin is moderately wounded.
You miss the +5 spectral club.
Robin roars a battlecry!
The goblins go into a battle-frenzy!
You barely miss Robin.
Robin is moderately wounded.
You miss the +5 spectral club.
The +5 spectral club disappears.
Robin hits you with a +5 spectral club. The +5 spectral club hits you!
A +5 spectral club comes into view.
You slash Robin!
Robin is severely wounded.
You completely miss the +5 spectral club.
Robin hits you with a +5 spectral club! The +5 spectral club hits you!
Robin hits you with a +5 spectral club! The +5 spectral club hits you.
* * * LOW HITPOINT WARNING * * *
The +5 spectral club disappears.
Robin throws the goblin at you! The goblin hits you but does no damage.
Robin throws the goblin at you!
* * * LOW HITPOINT WARNING * * *
You completely miss Robin.
Robin is severely wounded.
You closely miss the goblin. The goblin hits you but does no damage.
The goblin hits you with a +0 dagger.
* * * LOW HITPOINT WARNING * * *
Robin closely misses you. The +5 spectral club hits you.
* * * LOW HITPOINT WARNING * * *
A +5 spectral club comes into view.
The goblin attacks as it pursues you! The goblin hits you but does no damage.
You block the goblin's attack.
The goblin shouts!
The goblin attacks as it pursues you! You block the goblin's attack.
The +5 spectral club disappears.
You slash the goblin!
You kill the goblin!
You barely miss the goblin. You hit the goblin.
The goblin no longer looks unusually strong.
The goblin hits you but does no damage. The goblin hits you with a +0 club.
You die...

......###....#...................
.............##..................
.........................#.......
†....#.......#.......##..#.#.....
.....##..÷...#####).....#####....
.................#......# ##...
.##....................## #...
................<......## #...
################@.......# ###.
...........gg...#.### #
...#...#..g#...####
............g#.# ...#...#...#####
............# #############


You could see Robin and 3 goblins.

Vanquished Creatures
  A scorpion (D:4)
  A bombardier beetle (D:4)
  A jelly (D:4)
  An iguana (D:4)
  2 orc wizards (D:4)
  A dart slug (D:2)
  3 orcs (D:4)
  2 ball pythons
  3 endoplasms
  10 goblins
  4 hobgoblins
  4 quokkas
  2 bats
  2 frilled lizards
  3 kobolds
  3 rats
43 creatures vanquished.

Notes
Turn   | Place    | Note
-------+----------+-------------------------------------------
     0 | D:1      | mezmerelda the Hill Orc Fighter began the quest for the
                  | Orb.
     0 | D:1      | Reached XP level 1. HP: 19/19 MP: 1/1
   109 | D:2      | Reached XP level 2. HP: 24/27 MP: 2/2
   325 | D:4      | Noticed Robin
   325 | D:4      | Noticed a scorpion
   346 | D:3      | Found a transporter.
   347 | D:3      | Noticed Zagger's ghost (amateur GrFi)
   348 | D:3      | Noticed an ogre
   348 | D:3      | Noticed an ogre
   349 | D:3      | Noticed an ogre
   567 | D:4      | Reached XP level 3. HP: 34/34 MP: 3/3
   597 | D:4      | Reached skill level 5 in Fighting
   597 | D:4      | Reached XP level 4. HP: 28/42 MP: 4/4
   677 | D:4      | Reached skill level 5 in Axes
   694 | D:4      | Reached XP level 5. HP: 43/48 MP: 5/5
   882 | D:5      | Entered Level 5 of the Dungeon
   920 | D:5      | Noticed a centaur
   920 | D:5      | Noticed a phantom
   950 | D:4      | Reached XP level 6. HP: 34/57 MP: 6/6
  1086 | D:4      | Found a sparkling altar of Nemelex Xobeh.
  1086 | D:4      | Found a shimmering altar of Xom.
  1132 | D:4      | Slain by a goblin

Illustrated notes

Levels and vault maps discovered:
D:1:      dpeg_arrival_rhombi, layout_basic, serial_shops,
          nicolae_shop_tiny_statue_garden
D:2:      layout_loops_ring, minmay_three_crescents
D:3:      layout_loops_ring, gammafunk_ghost_smash
D:4:      layout_cave_pools, gammafunk_temple_overflow_wave,
          lemuel_coloured_pillars_altar, hellmonk_no_cap, uniq_robin
D:5:      layout_basic, minmay_temple_entry_glass, kennysheep_big_empty_room,
          uniq_eustachio

Skill      XL: |  1  2  3  4  5 |
---------------+----------------+-----
Axes           | 3 4 5 6 |  6.0
Fighting       | 4 5 6 |  6.2
Armour         | |  3.2
Shields        | |  3.2

Action                     |  1- 3 |  4- 6 || total
---------------------------+-------+-------++-------
  Melee: War axe           |    68 |    47 ||   115
 Armour: Scale mail        |    59 |    49 ||   108
  Dodge: Dodged            |    29 |    22 ||    51
  Block: Buckler           |    14 |     9 ||    23
